 Dungeon Crawl Stone Soup version 0.31-a0-187-gba352fbbf7 (webtiles) character file.

Game seed: 8489448049348641583

177 qw the Skirmisher (level 5, -1/29 HPs)
             Began as a Deep Elf Hunter on June 22, 2023.
             Slain by an ice beast (2 damage)
             ... on level 3 of the Dungeon.
             The game lasted 00:00:48 (1931 turns).

qw the Skirmisher (Deep Elf Hunter)                 Turns: 1931, Time: 00:00:48

Health: -1/29      AC:  4    Str: 10    XL:     5   Next: 31%
Magic:  7/7        EV: 12    Int: 14    God:
Gold:   23         SH:  0    Dex: 18    Spells: 4/4 levels left

rFire   . . .        Y - +0 shortbow
rCold   . . .        (shield currently unavailable)
rNeg    . . .        c - +0 leather armour
rPois   .            d - +0 helmet
rElec   .            (no cloak)
rCorr   .            (no gloves)
SInv    .            (no boots)
Will    .....        (no amulet)
Stlth   ++           (no ring)
HPRegen 0.24/turn    (no ring)
MPRegen 0.10/turn

%: no passive effects
@: lethally poisoned (-1 -> -4)
A: no striking features
a: no special abilities


You were on level 3 of the Dungeon.
You visited 1 branch of the dungeon, and saw 3 of its levels.

You collected 121 gold pieces.
You spent 98 gold pieces at shops.


   Skills:
 - Level 1.5 Fighting
 + Level 8.8 Ranged Weapons
 - Level 2.4 Dodging
 - Level 1.2 Stealth


You had 4 spell levels left.
You didn't know any spells.
Your spell library was empty.

Inventory:

Hand Weapons
 Y - a +0 shortbow (weapon)
Armour
 c - a +0 leather armour (worn)
 d - a +0 helmet (worn)
 e - a +0 scale mail
Scrolls
 b - a scroll of identify
 g - a scroll of torment {unknown}
Potions
 a - a potion of might
 f - 2 potions of curing

Dungeon Overview and Level Annotations

Branches:
Dungeon (3/15)

Altars:
Fedhas

Shops:
D:2 (!


Message History

You shoot an arrow. The arrow barely misses the adder.
You feel sick. The adder bites you but does no damage.
The frilled lizard bites you. The adder bites you but does no damage.
You shoot an arrow. The arrow closely misses the adder.
You feel sick. The adder closely misses you. The dart slug closely misses you.
The frilled lizard barely misses you.
You shoot an arrow. The arrow barely misses the adder.
You feel sick.
You are no longer poisoned.
The adder bites you but does no damage. The frilled lizard barely misses you.
The dart slug barely misses you.
You shoot an arrow. The arrow hits the adder.
The adder is severely wounded.
The adder bites you but does no damage. The frilled lizard barely misses you.
The adder bites you but does no damage.
You shoot an arrow. The arrow barely misses the adder.
The dart slug closely misses you. The adder barely misses you.
You shoot an arrow. The arrow barely misses the adder.
The adder barely misses you. The dart slug launches a dart at you.
The slug dart misses you. The adder closely misses you.
You shoot an arrow. The arrow hits the adder.
The adder is severely wounded.
The ice beast closely misses you. The adder bites you.
You are poisoned.
The adder poisons you! The dart slug closely misses you.
You shoot an arrow. The arrow barely misses the adder.
You feel sick. The adder closely misses you. The ice beast hits you.
The ice beast freezes you!
You shoot an arrow. The arrow hits the adder.
The adder is almost dead.
You feel sick. The adder bites you but does no damage.
The dart slug launches a dart at you. The slug dart misses you.
The ice beast hits you but does no damage.
The adder bites you but does no damage.
You shoot an arrow. The arrow hits the adder!
You kill the adder!
You feel sick. The ice beast hits you.
You die...

# # ##. .##
#... ...#
.....#####.....
..8...w%Yl..8..
### #@# ..
#.### #. #...#
#. ###.## #.
#..# #. ##)###
#. #...# +.
###.## #. #..#
#.


You could see an ice beast, a dart slug and a frilled lizard.

Vanquished Creatures
  Jessica (D:3)
  Ijyb (D:3)
  8 adders
  A worm (D:2)
  2 dart slugs (D:1)
  3 endoplasms
  3 giant cockroaches
  8 hobgoblins
  3 jackals (D:2)
  A quokka (D:1)
  7 ball pythons
  6 bats
  8 frilled lizards
  3 goblins
  5 kobolds
  2 rats
62 creatures vanquished.

Notes
Turn   | Place    | Note
-------+----------+-------------------------------------------
     0 | D:1      | qw the Deep Elf Hunter began the quest for the Orb.
     0 | D:1      | Reached XP level 1. HP: 12/12 MP: 3/3
     0 | D:1      | 0 ||| qw: Version: 0.3-a-9-g12657ce
     0 | D:1      | 0 ||| qw: Game counter: 2132
     0 | D:1      | 0 ||| qw: Always use a shield: true
     0 | D:1      | 0 ||| qw: God list: Okawaru
     0 | D:1      | 0 ||| qw: Allow faded altars: false
     0 | D:1      | 0 ||| qw: Do Orc after D:15 true
     0 | D:1      | 0 ||| qw: Do second Lair branch before Depths: true
     0 | D:1      | 0 ||| qw: Lair rune preference: random
     0 | D:1      | 0 ||| qw: Plans: Normal
     0 | D:1      | 0 ||| PLANNING D:1-11
   137 | D:1      | Reached skill level 6 in Ranged Weapons
   137 | D:1      | Reached XP level 2. HP: 16/16 MP: 4/4
   630 | D:1      | 630 ||| READING scroll labelled MOID GYVUIJAMP.
   631 | D:1      | 631 ||| READING scroll labelled EJELYEDU IPE.
   632 | D:1      | 632 ||| READING scroll labelled XETIVYE CEJOPO.
   633 | D:1      | 633 ||| READING scroll labelled MURAHI VATHER.
   637 | D:1      | 637 ||| DRINKING 2 sedimented inky potions.
   741 | D:1      | 741 ||| DROPPING scroll of butterflies.
   742 | D:1      | 742 ||| DROPPING potion of berserk rage.
   796 | D:2      | Found a faded altar of an unknown god.
   809 | D:2      | Reached XP level 3. HP: 20/20 MP: 5/5
   815 | D:2      | Found Fyathra's Distillery.
   824 | D:2      | 824 ||| BUYING potion of curing (42 gold).
   824 | D:2      | Bought a potion of curing for 42 gold pieces
   824 | D:2      | 824 ||| SHOPLISTING potion of enlightenment (70 gold, have
                  | 57).
   824 | D:2      | 824 ||| BUYING potion of might (56 gold).
   824 | D:2      | Bought a potion of might for 56 gold pieces
   824 | D:2      | 824 ||| SHOPLISTING potion of might (56 gold, have 1).
   824 | D:2      | 824 ||| SHOPLISTING potion of resistance (140 gold, have
                  | 1).
   961 | D:2      | Found a blossoming altar of Fedhas.
   972 | D:2      | Reached skill level 7 in Ranged Weapons
  1033 | D:2      | 1033 ||| FLEEEEING.
  1034 | D:2      | 1034 ||| FLEEEEING.
  1074 | D:2      | Found Selymuid's Weapon Shoppe.
  1212 | D:2      | Reached XP level 4. HP: 25/25 MP: 6/6
  1633 | D:2      | 1633 ||| UPGRADING to +0 helmet.
  1638 | D:2      | 1638 ||| READING scroll labelled HIC RIS NOHI.
  1697 | D:3      | Noticed Ijyb
  1708 | D:3      | Killed Ijyb
  1709 | D:3      | Reached skill level 8 in Ranged Weapons
  1815 | D:3      | Noticed Jessica
  1818 | D:3      | Killed Jessica
  1819 | D:3      | Reached XP level 5. HP: 29/29 MP: 7/7
  1912 | D:3      | Noticed an ice beast
  1929 | D:3      | HP: 2/29 [ice beast (12)]
  1931 | D:3      | Slain by an ice beast

Levels and vault maps discovered:
D:1:      onia_arrival_pyramid, layout_loops_ring
D:2:      layout_loops_corners, serial_shops, nicolae_shop_waterfront,
          nicolae_shop_bloodbath_and_beyond, basic_altar,
          chequers_ecumenical_altar_twisty
D:3:      minmay_octagon_keep, layout_basic, uniq_jessica, uniq_ijyb

Skill      XL: |  1  2  3  4 |
---------------+-------------+-----
Ranged Weapons | 6 7 8 |  8.8
Fighting       | |  1.5
Dodging        | |  2.4
Stealth        | |  1.2

Action                     |  1- 3 |  4- 6 || total
---------------------------+-------+-------++-------
   Fire: Shortbow          |    97 |    91 ||   188
    Use: Scroll            |     4 |     1 ||     5
         Potion            |     1 |       ||     1
 Armour: Leather armour    |     3 |    15 ||    18
  Dodge: Dodged            |    17 |    53 ||    70

Table legend:
 A = Non-vault XP
 B = Vault XP
 C = Vault XP percentage of total XP
 D = Non-vault monster count
 E = Vault monster count
 F = Vault count percentage of total count
                 A         B        C        D         E       F
            +---------+---------+-------+---------+---------+-------
      Total |     179 |      88 |  33.0 |      57 |       5 |   8.1
            +---------+---------+-------+---------+---------+-------
        D:1 |      36 |       0 |   0.0 |      21 |       0 |   0.0
        D:2 |      88 |       0 |   0.0 |      24 |       0 |   0.0
        D:3 |      55 |      88 |  61.5 |      12 |       5 |  29.4
            +---------+---------+-------+---------+---------+-------
